 Dungeon Crawl Stone Soup version 0.28-a0-906-g0406aca7d3 (webtiles) character file.

Game seed: 10127053509561689827

345 esteth the Digger (level 6, 0/37 HPs)
             Began as a Gargoyle Earth Elementalist on Nov 23, 2021.
             Slain by a gnoll (7 damage)
             ... on level 4 of the Dungeon.
             The game lasted 00:09:50 (3165 turns).

esteth the Digger (Gargoyle Earth Elementalist)     Turns: 3165, Time: 00:09:51

Health: 0/37       AC:  8    Str: 11    XL:     6   Next: 58%
Magic:  3/9        EV: 11    Int: 18    God:
Gold:   106        SH:  0    Dex: 10    Spells: 3/9 levels left

rFire   . . .      SeeInvis .   n - +2 spear (venom)
rCold   + . .      Faith    .   (no shield)
rNeg    + . .      Spirit   .   d - +0 leather armour
rPois   ∞          Reflect  .   h - +0 helmet
rElec   +          Harm     .   (no cloak)
rCorr   .          Rampage  .   (no gloves)
Will    .....                   (no boots)
Stlth   ++........              (no amulet)
HPRegen 0.12/turn               k - ring of protection from cold
MPRegen 0.11/turn               (no ring)

@: mighty
A: sickness immunity, AC +4, negative energy resistance 1, electricity
resistance, torment resistance 1, petrification resistance
a: no special abilities


You were on level 4 of the Dungeon.
You visited 1 branch of the dungeon, and saw 4 of its levels.

You collected 106 gold pieces.

Inventory:

Hand Weapons
 a - a +0 mace
 e - a +0 short sword of flaming
 n - a +2 spear of venom (weapon)
Missiles
 c - 58 stones (quivered)
 f - 35 sling bullets
Armour
 b - a +0 robe
 d - a +0 leather armour (worn)
 h - a +0 helmet (worn)
Jewellery
 k - a ring of protection from cold (left hand)
Wands
 i - a wand of polymorph (7)
 m - a wand of flame (19)


   Skills:
 - Level 3.0 Fighting
 - Level 2.0 Maces & Flails
 + Level 2.5 Armour
 + Level 1.9 Dodging
 - Level 2.4 Stealth
 - Level 2.1 Spellcasting
 - Level 1.0 Transmutations
 - Level 6.0 Earth Magic


You had 3 spell levels left.
You knew the following spells:

 Your Spells              Type           Power      Damage    Failure   Level
a - Sandblast             Erth           46%        2d11      1%          1
b - Passwall              Tmut/Erth      11%        N/A       9%          2
c - Stone Arrow           Conj/Erth      24%        3d8       21%         3

Your spell library contained the following spells:

 Spells                   Type           Power      Damage    Failure   Level
 Inner Flame              Hex/Fire       1%         N/A       56%         3
 Petrify                  Tmut/Erth      14%        N/A       50%         4
 Cause Fear               Hex            0%         N/A       93%         4
 Discord                  Hex            0%         N/A       100%        8


Dungeon Overview and Level Annotations

Branches:
Dungeon (3/15)

Altars:

Annotations:
D:4 1 transporter, Stil's ghost, novice DEFE


Innate Abilities, Weirdness & Mutations

You are immune to sickness and miasma.
Your stone body is resilient. (AC +4)
You are immune to poison.
You resist negative energy. (rN+)
You are resistant to electric shocks. (rElec)
You are resistant to unholy torment.
You are immune to petrification.


Message History

The gnoll shaman hits you with a +0 whip.
* * * LOW HITPOINT WARNING * * *
The gnoll hits you from afar with a +1 halberd of venom.
* * * LOW HITPOINT WARNING * * *
You feel very mighty all of a sudden. The gnoll shaman barely misses you.
Stil's ghost lets out a mournful wail.
The gnoll hits you from afar with a +1 halberd of venom.
* * * LOW HITPOINT WARNING * * *
The gnoll shaman prays to its god.
The gnoll shaman is healed somewhat.
It was a potion of curing.
You feel better.
Casting: Sandblast (safe; 1% risk of failure)
Confirm with . or Enter, or press ? or * to list all spells.
Aiming: Sandblast (safe; 1% risk of failure)
Press: ? - help, Shift-Dir - straight line, f - gnoll shaman
Aim: a gnoll shaman, wielding a +0 whip and wearing a +0 robe (moderately wounded, 83% to hit)
The blast of sand hits the gnoll shaman!
You kill the gnoll shaman!
c - 60 stones The gnoll hits you from afar with a +1 halberd of venom!
* * * LOW HITPOINT WARNING * * *
Casting: Sandblast (safe; 1% risk of failure)
Confirm with . or Enter, or press ? or * to list all spells.
Aiming: Sandblast (safe; 1% risk of failure)
Press: ? - help, Shift-Dir - straight line, f - gnoll
Aim: a gnoll, wielding a +1 halberd of venom (83% to hit)
The blast of sand hits the gnoll!
The gnoll is severely wounded.
c - 59 stones The gnoll closely misses you.
Casting: Sandblast (safe; 1% risk of failure)
Confirm with . or Enter, or press ? or * to list all spells.
Aiming: Sandblast (safe; 1% risk of failure)
Press: ? - help, Shift-Dir - straight line, f/p - gnoll
Aim: a gnoll, wielding a +1 halberd of venom (severely wounded, 83% to hit)
The blast of sand misses the gnoll.
c - 58 stones The gnoll hits you from afar with a +1 halberd of venom!
You die...

#.≈ #..###.###..#≈≈.....
#.≈≈#...........#≈≈.....
#.≈≈###(##+##.###≈≈.....
#.≈≈..#.#$$$#.#..≈≈....#
#.≈≈.##)#...#.##.≈≈.....
..≈≈.#..#W:?#..#.≈≈..##.
..≈≈.##g#####.##.≈≈.## #
..≈≈..#)#8⌠8#.#.....##
..≈≈.g#@+.©.+.#©.....#
...≈≈..#.#P.P#.#...!..#
#..≈≈.##.##.##.##.≈≈.....
#.≈≈.#..#P.P#.©#.≈≈.....
#.≈≈.##.#⌠.⌠#.##.≈≈.....
##.≈≈..#.#P)P#.#..≈≈.....
...≈≈###.##)##.###≈≈.##..
..≈≈#...........#≈≈.# #.
.g≈ #..###.###..#


You could see a gnoll and a hobgoblin.

Vanquished Creatures
  2 orc priests (D:3)
  A gnoll shaman (D:4)
  Natasha (thrice) (D:2)
  Robin (D:2)
  6 gnolls (D:4)
  3 adders
  A shadow imp (D:3)
  3 dart slugs
  A worm (D:2)
  3 orcs (D:3)
  3 bats (D:1)
  6 endoplasms
  3 giant cockroaches
  13 goblins
  4 hobgoblins
  2 jackals (D:1)
  2 kobolds
  3 quokkas
  10 ball pythons
  3 frilled lizards
  7 rats
80 creatures vanquished.

Notes
Turn   | Place    | Note
-------+----------+-------------------------------------------
     0 | D:1      | esteth the Gargoyle Earth Elementalist began the quest for
                  | the Orb.
     0 | D:1      | Reached XP level 1. HP: 10/10 MP: 3/3
   101 | D:1      | Found a faded altar of an unknown god.
   266 | D:1      | Reached skill level 1 in Transmutations
   266 | D:1      | Reached XP level 2. HP: 15/15 MP: 1/5
   481 | D:1      | Reached skill level 4 in Earth Magic
   810 | D:1      | Reached XP level 3. HP: 16/19 MP: 6/6
  1337 | D:2      | Noticed Robin
  1618 | D:1      | Reached skill level 5 in Earth Magic
  1739 | D:2      | Killed Robin
  1740 | D:2      | Reached skill level 1 in Fighting
  1740 | D:2      | Reached XP level 4. HP: 19/25 MP: 1/7
  1926 | D:2      | Noticed Natasha
  1934 | D:2      | Killed Natasha
  2031 | D:2      | Noticed Natasha
  2041 | D:2      | Killed Natasha
  2042 | D:2      | Reached XP level 5. HP: 23/30 MP: 1/8
  2055 | D:2      | Noticed Natasha
  2062 | D:2      | Killed Natasha
  2510 | D:3      | Reached skill level 6 in Earth Magic
  2723 | D:3      | Reached skill level 1 in Armour
  2805 | D:3      | Reached skill level 1 in Maces & Flails
  2829 | D:3      | Reached XP level 6. HP: 37/37 MP: 5/9
  2871 | D:3      | Learned a level 2 spell: Passwall
  2875 | D:3      | Learned a level 3 spell: Stone Arrow
  2923 | D:3      | You fall into a shaft and drop 1 floor!
  2980 | D:4      | Found a transporter.
  2988 | D:4      | Found a transporter.
  3145 | D:4      | Noticed Stil's ghost (novice DEFE)
  3165 | D:4      | Slain by a gnoll

Illustrated notes

Levels and vault maps discovered:
D:1:      wander_arrival_peaceful_grave, layout_loops_cross,
          shapermc_ecumenical_altar_totnotflames
D:2:      layout_rooms, uniq_robin, uniq_natasha
D:3:      layout_basic, minmay_misc_feat_five
D:4:      layout_layer_cave, gammafunk_temple_overflow_statue,
          gammafunk_ghost_gnarly_gnolls, portal_sewer_entry_e, uniq_sigmund,
          uniq_edmund

Skill      XL: |  1  2  3  4  5  6 |
---------------+-------------------+-----
Transmutations | 1 |  1.0
Earth Magic    | 4 5 6 |  6.0
Fighting       | 1 2 3 |  3.0
Armour         | 1 2 |  2.5
Maces & Flails | 1 2 |  2.0
Dodging        | |  1.9
Stealth        | |  2.4
Spellcasting   | |  2.1

Action                   |  1- 3 |  4- 6 || total
-------------------------+-------+-------++-------
Melee: Unarmed           |     4 |       ||     4
       Mace              |    60 |    33 ||    93
       Dagger            |     7 |       ||     7
       Club              |     1 |       ||     1
 Cast: Sandblast         |    32 |    51 ||    83
  Use: Scroll            |     1 |     4 ||     5
       Potion            |       |     2 ||     2
 Stab: Sleeping          |     2 |     1 ||     3
       Distracted        |     1 |       ||     1
Armor: Robe              |     3 |       ||     3
       Leather armour    |    57 |    21 ||    78
Dodge: Dodged            |    67 |    34 ||   101

Table legend: (Time is in decaauts)
 A = Elapsed time spent in this place.
 B = Non-inter-level travel time spent in this place.
 C = Inter-level travel time spent in this place.
 D = Time resting spent in this place.
 E = Time spent auto-exploring this place.
 F = Levels seen in this place.
 G = Mean time per level.
                   A        B        C        D        E       F      G
               +--------+--------+--------+--------+--------+-----+--------+
         Total |   3210 |   3160 |     50 |    997 |   1518 |   4 |  802.5 |
       Dungeon |   3210 |   3160 |     50 |    997 |   1518 |   4 |  802.5 |
               +--------+--------+--------+--------+--------+-----+--------+

Top non-repeatable levels by time:
     D:1: 1750 daAuts
     D:2: 770 daAuts
     D:3: 447 daAuts
     D:4: 241 daAuts
